 Dungeon Crawl Stone Soup version 0.29-a0-323-g050149af67 (webtiles) character file.

Game seed: 14844580250809699176

4 spaghetti the Caller (level 1, -1/11 HPs)
             Began as an Octopode Summoner on Apr 11, 2022.
             Slain by a jackal (2 damage)
             ... on level 1 of the Dungeon.
             The game lasted 00:00:27 (228 turns).

spaghetti the Caller (Octopode Summoner)             Turns: 228, Time: 00:00:27

Health: -1/11      AC:  1    Str:  7    XL:     1   Next: 60%
Magic:  2/3        EV: 13    Int: 17    God:
Gold:   0          SH:  0    Dex: 12    Spells: 3/4 levels left

rFire   . . .      SeeInvis .   c - +0 dagger {short}
rCold   . . .      Faith    .   (no shield)
rNeg    . . .      Spirit   .   (helmet restricted)
rPois   .          Reflect  .   (no amulet)
rElec   .          Harm     .   (no ring)
rCorr   .          Rampage  .   (no ring)
Will    .....                   (no ring)
Stlth   +++.......              (no ring)
HPRegen 0.03/turn               (no ring)
MPRegen 0.08/turn               (no ring)
                                (no ring)
                                (no ring)

@: no status effects
A: almost no armour, amphibious, 8 rings, camouflage 1, gelatinous body 1,
(nimble swimmer 1), tentacles
a: no special abilities


You were on level 1 of the Dungeon.
You visited 1 branch of the dungeon, and saw 1 of its levels.


Innate Abilities, Weirdness & Mutations

You cannot wear most types of armour.
You are amphibious.
You can wear up to eight rings at the same time.
Your skin changes colour to match your surroundings (Stealth+).
Your rubbery body absorbs attacks. (AC +1, EV +1)
((You are camouflaged when in or above water. (Stealth+)))
You have tentacles for arms and can constrict up to eight enemies at once.


   Skills:
 - Level 2.0 Dodging
 - Level 2.6 Stealth
 + Level 2.3 Spellcasting
 - Level 4.0 Summonings


You had 3 spell levels left.
You knew the following spells:

 Your Spells              Type           Power      Damage    Failure   Level
a - Summon Small Mammal   Summ           60%        N/A       3%          1

Your spell library contained the following spells:

 Spells                   Type           Power      Damage    Failure   Level
 Call Imp                 Summ           15%        N/A       5%          2
 Call Canine Familiar     Summ           15%        N/A       11%         3
 Summon Guardian Golem    Hex/Summ       8%         N/A       24%         3
 Summon Lightning Spire   Summ/Air       8%         N/A       63%         4

Inventory:

Hand Weapons
 c - a +0 dagger (weapon) {short}
   (You took it off a kobold on level 1 of the Dungeon)
Scrolls
 b - a scroll of amnesia {unknown}

Dungeon Overview and Level Annotations

Branches:
Dungeon (1/15)

Altars:

..♣.........P......#
.♣P...♣P..♣....♣#..#
............PP###..#
###P...########...#
#....#P.♣
##....#######
##''##..#
#...........#
#+##P...##'#
#...#.......#
#..........#
#..##.......#
#P♣...<..PP#
#r@##.......#
##PPP♣P♣♣P##
#hh##.......+
##########
#..J##.......#
#....########.#
.....## # ...)...
......... .#..#....
#..#.....


You could see an endoplasm, 2 jackals, a friendly quokka (summoned) and a
friendly bat (summoned).


Message History

The jackal barks!
There are monsters nearby!
There are monsters nearby!
There are monsters nearby!
c - a +0 dagger (weapon)
{short}
Casting: Summon Small Mammal (safe; 3% risk of failure)
Confirm with . or Enter, or press ? or * to list all spells.
The jackal barks!
A jackal comes into view. 😎 MP[-1]
You lost 1 mp, and now have 2/3 mp.
Casting: Summon Small Mammal (safe; 3% risk of failure)
Confirm with . or Enter, or press ? or * to list all spells.
You miscast Summon Small Mammal.
You are very lightly contaminated with residual magic.
Nothing appears to happen.
A jackal comes into view. 😎 MP[-1]
You lost 1 mp, and now have 1/3 mp.
Casting: Summon Small Mammal (safe; 3% risk of failure)
Confirm with . or Enter, or press ? or * to list all spells.
Your bat barely misses the jackal.
The jackal closely misses your bat. 😎 MP[-1]
You lost 1 mp, and now have 0/3 mp.
Unknown command.
You aren't carrying any items that you can evoke.
Your bat barely misses the jackal.
Your bat hits the jackal but does no damage.
The jackal closely misses your bat.
Your bat hits the jackal but does no damage. x2
The jackal misses your bat. The jackal bites your bat.
Your bat closely misses the jackal.
Magic courses through your body.
Your bat completely misses the jackal.
Your bat hits the jackal but does no damage.
Your bat barely misses the jackal.
The jackal bites your bat. The jackal barely misses your bat.
The jackal closely misses your bat. x2
Your bat completely misses the jackal.
Your bat closely misses the jackal. 😎 MP[+3]
Your mp is fully restored (3).
Your bat closely misses the jackal.
Your bat barely misses the jackal.
Your bat closely misses the jackal.
Your bat hits the jackal but does no damage.
The jackal bites your bat.
Your bat dies!
Your bat's corpse disappears in a puff of smoke!
The jackal bites your bat but does no damage.
The jackal misses your bat.
Your bat barely misses the jackal.
Casting: Summon Small Mammal (safe; 3% risk of failure)
Confirm with . or Enter, or press ? or * to list all spells.
Your bat closely misses the jackal.
The jackal bites your bat.
Your bat barely misses the jackal.
An endoplasm comes into view.
The jackal misses your bat.
Your bat barely misses the jackal.
Your magical contamination has completely faded away. 😎 MP[-1]
You lost 1 mp, and now have 2/3 mp.
Casting: Summon Small Mammal (safe; 3% risk of failure)
Confirm with . or Enter, or press ? or * to list all spells.
Your bat disappears in a puff of smoke! 😎 MP[-1]
You lost 1 mp, and now have 1/3 mp.
Your bat barely misses the jackal.
The jackal bites you. The jackal bites your bat. The jackal closely misses you.
The jackal barely misses you. 😮 HP[-3]
You take 3 damage, and now have 8/11 hp.
MASSIVE DAMAGE!! (PAUSE)
You barely miss the jackal. Your grab misses the jackal.
Your bat barely misses the jackal.
The jackal barely misses you. The jackal bites you. 😮 HP[-2]
You take 2 damage, and now have 6/11 hp.
You closely miss the jackal. Your grab misses the jackal.
The jackal misses you. The jackal barely misses your quokka.
Your quokka bites the jackal.
Unknown command.
You hit the jackal. You grab the jackal. Your squeeze misses the jackal.
You constrict the jackal.
You kill the jackal!
The jackal bites you.
* * * LOW HITPOINT WARNING * * *
Your quokka bites the jackal but does no damage.
The jackal bites you.
* * * LOW HITPOINT WARNING * * *
The jackal bites your quokka.
Your quokka barely misses the jackal. 😱 HP[-5]
You take 5 damage, and now have 1/11 hp.
MASSIVE DAMAGE!! (PAUSE)
You hit the jackal. Your grab misses the jackal. The jackal bites your quokka.
The jackal misses your quokka.
Your quokka barely misses the jackal.
Unknown command.
You hit the jackal.
You kill the jackal!
The jackal barely misses you. x2; The jackal closely misses you. 😱 MP[+1] Unknown command.
You swap places.
The jackal attacks as you move away! The jackal completely misses you.
The jackal attacks as you move away! The jackal bites you.
You die...

Action                   || total
-------------------------++-------
Melee: Dagger            ||     5
       Unarmed           ||     5
       Constrict         ||     2
       Punch             ||     1
 Cast: Summon Small Mamm ||     6
  Use: Potion            ||     1
 Stab: Distracted        ||     1
Dodge: Dodged            ||    10

Levels and vault maps discovered:
D:1:      denvon_arrival_planthouse, layout_basic, serial_shops,
          nicolae_lakefront_shop, ebering_ecumenical_altar_sacrificial

Notes
Turn   | Place    | Note
-------+----------+-------------------------------------------
     0 | D:1      | spaghetti the Octopode Summoner began the quest for the
                  | Orb.
     0 | D:1      | Reached XP level 1. HP: 11/11 MP: 3/3
     0 | D:1      | magus.rc [v1.9.6]
   225 | D:1      | HP: 1/11 [jackal (3)]
   228 | D:1      | Slain by a jackal

Vanquished Creatures
  2 jackals (D:1)
  A kobold (D:1)
3 creatures vanquished.

Table legend:
 A = Non-vault XP
 B = Vault XP
 C = Vault XP percentage of total XP
 D = Non-vault monster count
 E = Vault monster count
 F = Vault count percentage of total count
                 A         B        C        D         E       F
            +---------+---------+-------+---------+---------+-------
      Total |       6 |       0 |   0.0 |       3 |       0 |   0.0
            +---------+---------+-------+---------+---------+-------
        D:1 |       6 |       0 |   0.0 |       3 |       0 |   0.0
            +---------+---------+-------+---------+---------+-------

Illustrated notes

Table legend:
 A = Kills in this place as a percentage of kills in entire the game.
 B = Kills by you in this place as a percentage of kills by you in the entire game.
 C = Kills by friends in this place as a percentage of kills by friends in the entire game.
 D = Other kills in this place as a percentage of other kills in the entire game.
 E = Experience gained in this place as a percentage of experience gained in the entire game.
 F = Experience gained in this place divided by the number of levels of this place that you have seen.
                   A       B       C       D       E      F
               +-------+-------+-------+-------+-------+----------------------
         Total | 100.0 | 100.0 |   N/A |   N/A | 100.0 |   6.0
       Dungeon | 100.0 | 100.0 |   N/A |   N/A | 100.0 |   6.0
               +-------+-------+-------+-------+-------+----------------------

Table legend: (Time is in decaauts)
 A = Elapsed time spent in this place.
 B = Non-inter-level travel time spent in this place.
 C = Inter-level travel time spent in this place.
 D = Time resting spent in this place.
 E = Time spent auto-exploring this place.
 F = Levels seen in this place.
 G = Mean time per level.
                   A        B        C        D        E       F      G
               +--------+--------+--------+--------+--------+-----+--------+
         Total |    227 |    227 |      0 |    159 |     38 |   1 |  227.0 |
       Dungeon |    227 |    227 |      0 |    159 |     38 |   1 |  227.0 |
               +--------+--------+--------+--------+--------+-----+--------+

Top non-repeatable levels by time:
     D:1: 227 daAuts
